[Event "US Open 2021"]
[Site "Crowne Plaza Cherry Hill, United States"]
[Date "2021.08.01"]
[Round "2.1"]
[White "Zhao, Boyang"]
[Black "Bruzon Batista, Lazaro"]
[Result "0-1"]
[TimeControl "40/100;SD/30;+30"]
[BlackTitle "GM"]
[WhiteElo "2014"]
[BlackElo "2725"]

1. e4 c5 2. c3 Nf6 3. e5 Nd5 4. d4 cxd4 5. cxd4 e6 6. Nf3 d6 7.
Bc4 Be7 8. O-O O-O 9. a3 b6 10. Qd3 Bb7 11. Nc3 Nxc3 12. Qxc3 Nd7 13. exd6 Bxd6 14. Bb3 Rc8 15. Qd3 Nc5 16.
Qe3 Bf4 17. Qc3 Nxb3 18. Qxb3 Bd5 19. Qa4 Bxc1 0-1

[Event "US Open 2021"]
[Site "Crowne Plaza Cherry Hill, United States"]
[Date "2021.08.01"]
[Round "2.2"]
[White "Gledura, Benjamin"]
[Black "Luchan, Jason"]
[Result "1-0"]
[TimeControl "40/100;SD/30;+30"]
[WhiteTitle "GM"]
[WhiteElo "2721"]
[BlackElo "2021"]

1. Nf3 c5 2. e4 Nc6 3. Bb5 d6 4. O-O Bd7 5. c3 Nf6 6. Re1 a6 7. Bf1 Bg4 8. h3 Bh5 9. g4 Bg6 10. d4 e5 11. d5 Nb8 12. Nbd2 Be7 13. Nh4 Nbd7 14. a4 b6 15. f3 O-O 16. Nc4 Ne8 17. Ng2 h6 18. Be3 Bg5 19.
Bf2 Qf6 20. b4 Nc7 21. h4 Bf4 22. a5 bxa5 23. bxc5 dxc5 24. Rxa5 Nb5 25. Qa1 Rfc8 26.
Nxf4 Qxf4 27. Kg2 Qf6 28. Rb1 Nc7 29. h5 Bh7 30. Rb7 Qd8 31. Bg3 f6 32. Qa2 Kf8 33. Bf2 Bg8 34. Rxc5 1-0

[Event "US Open 2021"]
[Site "Crowne Plaza Cherry Hill, United States"]
[Date "2021.08.01"]
[Round "2.3"]
[White "Cohen, Lawrence"]
[Black "Lenderman, Aleksandre"]
[Result "0-1"]
[TimeControl "40/100;SD/30;+30"]
[BlackTitle "GM"]
[WhiteElo "2000"]
[BlackElo "2703"]

1. c4 e6 2. g3 d5 3. cxd5 exd5 4. d4 c6 5. Bg2 h6 6. Nc3 Nf6 7. e3 Bd6 8. Nge2 O-O 9. O-O Re8 10. a3 Be6 11. f3 c5 12. dxc5 Bxc5 13. b4 Bb6 14. Na4 Nc6 15. Nxb6 Qxb6 16. Nd4 Ne5 17. Kh1 Bd7 18. Re1 Re7 19. Qb3 Rae8 20. Bf1 h5 21. Ra2 Qd6 22. b5 Rc8 23. a4 Ree8 24. Ba3 Qb6 25. Rc2 Rxc2 26.
Qxc2 Rc8 27. Qd2 Nc4 28. Bxc4 Rxc4 29. a5 Qc7 30. Bb4 Bh3 31. Ba3 Nd7 32. Rc1 Ne5 33. Kg1 Rxc1+ 34. Bxc1 Qc4 35.
Qc2 Qf1# 0-1

[Event "US Open 2021"]
[Site "Crowne Plaza Cherry Hill, United States"]
[Date "2021.08.01"]
[Round "2.4"]
[White "Burke, John Michael"]
[Black "Hall, Timothy"]
[Result "1-0"]
[TimeControl "40/100;SD/30;+30"]
[WhiteTitle "GM"]
[WhiteElo "2640"]
[BlackElo "2000"]

1. e4 c5 2. Nf3 d6 3. d4 cxd4 4. Nxd4 Nf6 5. Nc3 a6 6. h3 e5 7. Nb3 h5 8. Bg5 Be6 9. f4 Be7 10. f5 Bxb3 11. axb3 Nxe4 12. Bxe7 Nxc3 13. Bxd8 Nxd1 14. Bg5 f6 15.
Bc1 Nxb2 16. Bxb2 Nc6 17. Bc4 O-O-O 18. O-O-O h4 19. Rhe1 Ne7 20. Be6+ Kc7 21. Re4 Rh5 22. Rc4+ Kb6 23. Ba3 Nxf5 24. Bxf5 Rxf5 25. Bxd6 Rh8 26. Bc5+ Kc7 27. Ba7# 1-0

[Event "US Open 2021"]
[Site "Crowne Plaza Cherry Hill, United States"]
[Date "2021.08.01"]
[Round "2.5"]
[White "Nyzhnyk, Illia"]
[Black "Tisserand, Miles"]
[Result "1-0"]
[TimeControl "40/100;SD/30;+30"]
[WhiteTitle "GM"]
[WhiteElo "2778"]
[BlackElo "2054"]

1. d4 Nf6 2. Bf4 c5 3. dxc5 Qa5+ 4. Qd2 Qxc5 5. Nc3 d5 6. O-O-O Be6 7. e4 Nc6 8. exd5 O-O-O 9. Be3 Qa5 10. Bc4 Nb4 11. Nf3 Nbxd5 12. Nxd5 Qxd2+ 13. Rxd2 Bxd5 14. Bxd5 Rxd5 15. Ng5 e6 16. Rxd5 Nxd5 17.
Nxf7 Rg8 18. Bxa7 b6 19. c4 Kb7 20. cxd5 exd5 21. Bxb6 Kxb6 22. Ne5 Bd6 23. Nd3 Ra8 24. a3 Kb5 25. Kd2 Kc4 26. Rc1+ Kd4 27. h3 Ra7 28. Rc3 Be7 29. b4 Bg5+ 30. f4 Bf6 31.
Nc5 g5 32. Ne6+ Ke4 33. Re3+ Kf5 34.
g4+ Kg6 35. f5+ Kf7 36. Kc2 1-0

[Event "US Open 2021"]
[Site "Crowne Plaza Cherry Hill, United States"]
[Date "2021.08.01"]
[Round "2.6"]
[White "Zhang, Nathaniel"]
[Black "Cordova Daza, Emilio"]
[Result "0-1"]
[TimeControl "40/100;SD/30;+30"]
[BlackTitle "GM"]
[WhiteElo "2050"]
[BlackElo "2646"]

1. c4 b6 2. Nf3 Bb7 3. e3 Nf6 4. d4 e6 5. Bd3 c5 6.
O-O Be7 7. Nc3 cxd4 8. exd4 d5 9. cxd5 Nxd5 10. Ne5 O-O 11. Qh5 Nf6 12. Qh4 Ne4 13. Qh5 g6 14. Qe2 Nxc3 15. bxc3 Nd7 16. Bh6 Nxe5 17. Bxf8 Nf3+ 18. gxf3 Bxf8 19. Be4 Bd6 20. f4 Bxe4 21.
Qxe4 Rc8 22. Rfc1 Qh4 23. Rc2 Bxf4 24. f3 Kg7 25. Qe2 Rd8 26.
Kh1 Rd5 27. Rd1 Rh5 28. c4 Qh3 29. Qf1 Qg3 30. Rdd2 Bxd2 31. Rxd2 Qf4 32. Qd1 Rh3 33. Rf2 Qe3 34. Rf1 Rh4 35.
d5 Rxc4 36. d6 Rd4 37. Qa1 e5 38. f4 f6 39. Qe1 exf4 0-1

[Event "US Open 2021"]
[Site "Crowne Plaza Cherry Hill, United States"]
[Date "2021.08.01"]
[Round "2.7"]
[White "Sorokin, Aleksey"]
[Black "Tran, Minh Binh"]
[Result "1-0"]
[TimeControl "40/100;SD/30;+30"]
[WhiteTitle "GM"]
[WhiteElo "2628"]
[BlackElo "2046"]

1. d4 Nf6 2. c4 e6 3. Nf3 Bb4+ 4. Nbd2 O-O 5. a3 Be7 6. e4 d6 7. Be2 Nbd7 8. O-O e5 9. Qc2 c5 10. dxe5 dxe5 11. Nb1 b6 12. Nc3 Bb7 13. Rd1 Qc7 14. Bg5 Rfe8 15. Bh4 Nf8 16.
Nd5 Nxd5 17. cxd5 Bd6 18. Nd2 Ng6 19. Bg3 Rad8 20. Nc4 Ne7 21. a4 Nc8 22. a5 b5 23. a6 bxc4 24. axb7 Qxb7 25. Bxc4 Bc7 26. Ba6 Qb6 27.
f3 Bd6 28. Bf2 Re7 29. b4 Rc7 30. Rdb1 Ne7 31. Qa2 Qb8 32. bxc5 Qa8 33. cxd6 Rxd6 34. Qa3 Rcd7 35. Bc5 Rxd5 36. exd5 Nxd5 37. Bd6 Nb6 38. Rxb6 axb6 39. Bb5 Qxa3 40. Rxa3 Rd8 41. Bxe5 h5 42. Bd3 f5 43. Bxf5 h4 44. Ra7 h3 45. gxh3 b5 46. Rxg7+ Kf8 47. Be6 Rd2 48. Bf6 b4 49. Rg8# 1-0

[Event "US Open 2021"]
[Site "Crowne Plaza Cherry Hill, United States"]
[Date "2021.08.01"]
[Round "2.8"]
[White "Starkman, Eric"]
[Black "Benjamin, Joel"]
[Result "0-1"]
[TimeControl "40/100;SD/30;+30"]
[BlackTitle "GM"]
[WhiteElo "2044"]
[BlackElo "2586"]

1. d4 Nf6 2. c4 e6 3. Nc3 Bb4 4. f3 d5 5. a3 Bd6 6. e4 c5 7. cxd5 cxd4 8. Qxd4 exd5 9. Bb5+ Nc6 10. Nge2 O-O 11. Bxc6 bxc6 12.
exd5 Re8 13. Bf4 Bxf4 14. Qxf4 Nxd5 15. Qd2 Qb6 16. Nxd5 cxd5 17. O-O-O Bf5 18. Nc3 Rac8 19. Rhe1 Rxe1 20. Rxe1 d4 21. Qe2 h6 22. g4 Bg6 23.
f4 Rxc3+ 0-1

[Event "US Open 2021"]
[Site "Crowne Plaza Cherry Hill, United States"]
[Date "2021.08.01"]
[Round "2.9"]
[White "Matviishen, Viktor"]
[Black "La Budde, Mike"]
[Result "1-0"]
[TimeControl "40/100;SD/30;+30"]
[WhiteTitle "IM"]
[WhiteElo "2575"]
[BlackElo "2037"]

1. d4 Nf6 2. c4 g6 3.
Nc3 Bg7 4. e4 d6 5. h3 O-O 6. Be3 Nc6 7. d5 Nb4 8. a3 Na6 9. Nf3 e6 10. dxe6 fxe6 11. Be2 e5 12.
O-O c6 13. b4 Qe7 14. c5 dxc5 15. Bxa6 cxb4 16. Bc4+ Kh8 17. axb4 Qxb4 18.
Qb3 Qe7 19. Bxa7 b5 20. Bc5 Qxc5 21. Rxa8 bxc4 22. Qa3 Qxa3 23.
Rxa3 Nh5 24. Nd2 Be6 25. Ra6 Bh6 26. Rd1 Rd8 27. Nf3 Rd3 28. Rxd3 cxd3 29. Rxc6 Nf4 30. g3 Ne2+ 31.
Nxe2 dxe2 32. Rxe6 1-0

[Event "US Open 2021"]
[Site "Crowne Plaza Cherry Hill, United States"]
[Date "2021.08.01"]
[Round "2.10"]
[White "Dill, James Christopher"]
[Black "Molner, Mackenzie S"]
[Result "0-1"]
[TimeControl "40/100;SD/30;+30"]
[BlackTitle "GM"]
[WhiteElo "2027"]
[BlackElo "2517"]

1. d4 f5 2. Nf3 Nf6 3. g3 e6 4. Bg2 d5 5. O-O Bd6 6.
c4 O-O 7. b3 b6 8. Ba3 Bb7 9. Bxd6 cxd6 10. Nc3 Nbd7 11. Rc1 Qe7 12. Nd2 Rac8 13. cxd5 exd5 14. e3 Ne4 15. Ndxe4 dxe4 16.
Qe2 Nf6 17. Rc2 d5 18. Rfc1 a6 19. Qd2 g5 20. Na4 Qd6 21. Rxc8 Rxc8 22. Rxc8+ Bxc8 23. Bf1 h5 24. Qc3 Bb7 25.
b4 Kf7 26. Nb2 h4 27. a4 hxg3 28. hxg3 f4 29. gxf4 gxf4 30. exf4 Qxf4 31. Bh3 Qd6 32. a5 bxa5 33. bxa5 Bc6 34. Nd1 Nh5 35. Ne3 Nf4 36. Bg4 Bd7 37. Kf1 Qh6 38.
Ke1 Qh1+ 39. Kd2 Qg1 40. Bxd7 Qxf2+ 41. Kd1 Qe2+ 42. Kc1 Nd3+ 43. Kb1 Qxe3 44. Bc8 Qg1+ 45. Ka2 Qh2+ 46. Ka3 Qd6+ 47. Ka4 Kf6 48. Kb3 Qb8+ 49. Ka3 Qb5 50. Bg4 Kg5 51.
Be2 Qc4 52. Qd2+ Kg6 53. Bf1 Qxd4 54. Qg2+ Kf6 55. Bxd3 Qxd3+ 0-1

[Event "US Open 2021"]
[Site "Crowne Plaza Cherry Hill, United States"]
[Date "2021.08.01"]
[Round "2.11"]
[White "Schmakel, Samuel Arthur"]
[Black "Nair, Siddhant"]
[Result "1-0"]
[TimeControl "40/100;SD/30;+30"]
[WhiteTitle "GM"]
[WhiteElo "2488"]
[BlackElo "2026"]

1. e4 c5 2. Nf3 d6 3.
d4 cxd4 4. Nxd4 Nf6 5. Nc3 g6 6.
Be3 Bg7 7. f3 Nc6 8. Qd2 O-O 9. Bc4 Bd7 10. O-O-O Rc8 11. Bb3 Ne5 12. Kb1 Nc4 13. Bxc4 Rxc4 14. g4 b5 15. h4 h5 16. gxh5 Nxh5 17. Nce2 Kh7 18. Rdg1 Rh8 19. Ng3 Kg8 20. Nxh5 Rxh5 21. Ne2 b4 22. Nf4 Ra5 23. h5 Ba4 24. b3 Bb5 25. hxg6 f5 26.
Qd5+ 1-0

[Event "US Open 2021"]
[Site "Crowne Plaza Cherry Hill, United States"]
[Date "2021.08.01"]
[Round "2.12"]
[White "Panda, Asish"]
[Black "Burnett, Ronald Wayne"]
[Result "0-1"]
[TimeControl "40/100;SD/30;+30"]
[WhiteElo "2026"]
[BlackElo "2397"]

1. e4 g6 2. d4 c6 3. c4 d5 4.
Nc3 dxe4 5. Nxe4 Nh6 6.
Nf3 Bg7 7. Be2 Nf5 8. Be3 Na6 9. O-O O-O 10. Qd2 c5 11. Rad1 cxd4 12. Nxd4 Nxe3 13. Qxe3 Qb6 14. b3 Bd7 15. Bf3 Nb4 16. a3 Nc6 17.
Nxc6 Bxc6 18. Qxb6 axb6 19. a4 Rfd8 20. Rfe1 h6 21.
Ng3 Bxf3 22. gxf3 e6 23. Ne4 Be5 24. c5 bxc5 25. Nxc5 Bd4 26. Rc1 Rd5 27. Nd3 Rad8 28. Rc7 Bf6 29.
Nf4 R5d7 30. Rec1 Rxc7 31. Rxc7 Rd4 32. Nxe6 fxe6 33. Rxb7 Rd2 34. Rb6 Kf7 35.
Rb7+ Ke8 36. Rb8+ Kd7 37. Rb7+ Kc6 38. Rh7 h5 39. Rh6 Bd4 40. Rxg6 Kd6 41. Kg2 Rxf2+ 42. Kg3 Rb2 43. Rh6 Be5+ 44.
Kh4 Bf4 45. Rxh5 Rxh2+ 46. Kg4 Rxh5 47. Kxh5 Bd2 48. Kg4 Ke5 49. Kg3 Kd4 50. Kf2 Bc3 51. Ke2 Ba5 52. Kf2 Ke5 53. Ke3 Kf5 54. Ke2 Kf4 55. Kf2 Bb4 56. Ke2 e5 57. Kf2 Bc3 58. Ke2 Ba5 59. Kf2 Bb4 60. Ke2 Bc5 61. a5 Bb4 62. a6 Bc5 63. b4 Ba7 64. b5 Bb6 65. Kd3 Kxf3 66. Kc4 Ke4 67. Kc3 Kd5 68. Kd3 e4+ 0-1

[Event "US Open 2021"]
[Site "Crowne Plaza Cherry Hill, United States"]
[Date "2021.08.01"]
[Round "2.13"]
[White "Homa, Seth"]
[Black "Sharp, Dale"]
[Result "1-0"]
[TimeControl "40/100;SD/30;+30"]
[WhiteElo "2394"]
[BlackElo "2019"]

1. c4 c5 2. Nc3 Nc6 3. g3 g6 4. Bg2 Bg7 5. e4 d6 6. d3 e6 7. Nge2 Nge7 8. O-O O-O 9. Rb1 a5 10. a3 f5 11. f4 e5 12. b3 Nd4 13. Nxd4 exd4 14. Nb5 Nc6 15. exf5 Bxf5 16. Bd5+ Kh8 17. g4 Bc8 18. Rb2 Ne7 19. Bg2 Rf7 20. Qf3 Rb8 21.
Re2 b6 22. Rfe1 Bb7 23. Qh3 d5 24.
Re6 Bc8 25. Rd6 Qf8 26. cxd5 Rf6 27. Rxf6 Qxf6 28. d6 Ng8 29.
f5 Bd7 30. g5 Qxf5 31. Qxf5 Bxf5 32. Bc6 Bf8 33. d7 Rd8 34. Re8 Be7 35. Nd6 Bxd7 36. Rxd8 Bxc6 37. Rc8 Bd7 38. Rc7 Bg4 39. Bf4 h6 40. Nf7+ Kg7 41. Nxh6 Nxh6 42. gxh6+ Kf8 43. Rxe7 1-0

[Event "US Open 2021"]
[Site "Crowne Plaza Cherry Hill, United States"]
[Date "2021.08.01"]
[Round "2.14"]
[White "Nguyen, Tinh Son"]
[Black "Ramer, Scott"]
[Result "0-1"]
[TimeControl "40/100;SD/30;+30"]
[WhiteElo "2019"]
[BlackElo "2343"]

1. e4 c5 2. Nf3 e6 3. d4 cxd4 4. Nxd4 a6 5. c4 Nf6 6. Nc3 Qc7 7. a3 Be7 8. Be3 d6 9. Be2 Nbd7 10. O-O O-O 11. f3 b6 12. Qd2 Bb7 13. Rfc1 Rac8 14. a4 Rfe8 15. a5 bxa5 16.
Nb3 Qb8 17. Nxa5 Ba8 18. Bf1 Bd8 19.
Na4 d5 20. cxd5 Rxc1 21. Rxc1 exd5 22. Bxa6 Bc7 23. g3 dxe4 24. f4 Rd8 25. Qe1 Nd5 26. Bd4 N7b6 27. Nc5 Nxf4 28. Qe3 Nbd5 29. Qxe4 Nf6 30. Qe3 Ng4 0-1

[Event "US Open 2021"]
[Site "Crowne Plaza Cherry Hill, United States"]
[Date "2021.08.01"]
[Round "2.15"]
[White "Bonin, Jay"]
[Black "Chan, Mathew"]
[Result "1/2-1/2"]
[TimeControl "40/100;SD/30;+30"]
[WhiteElo "2323"]
[BlackElo "2014"]

1. d4 d5 2. Nf3 Nf6 3. c4 e6 4. g3 dxc4 5. Qa4+ Nbd7 6. Bg2 a6 7. Qxc4 b5 8. Qc6 Rb8 9. Bg5 Bb7 10. Qc2 Be7 11. Nbd2 O-O 12. O-O h6 13. Bxf6 Nxf6 14. Rac1 Rc8 15.
Nb3 Be4 16. Qd1 Nd7 17. Ne1 Bxg2 18. Kxg2 c5 19. dxc5 Nxc5 20. Qxd8 Rfxd8 21. Nxc5 Rxc5 22. Rxc5 Bxc5 23. Nd3 Bd4 24. Rc1 e5 25. Rc2 a5 26. Kf3 f5 27. e4 g6 28. Rc6 Kg7 29. g4 fxg4+ 30. Kxg4 Rf8 31. Ra6 a4 32. Ra5 h5+ 33. Kg3 Rb8 34.
h4 Bb6 35. Ra6 Bd4 36. Re6 Kf7 37. Rd6 Rc8 38. Rd5 Rc2 39.
Nxe5+ Bxe5+ 40. Rxe5 Rxb2 41. a3 Kf6 42. Rc5 Rb3+ 43.
Kf4 Rxa3 44. Rxb5 Ra1 45. Rb6+ Kf7 46. Ke5 Rh1 47. Rb7+ Ke8 48. Ra7 Rxh4 49. f4 Rg4 50. Rxa4 h4 51. Ke6 Kf8 52. e5 Kg7 53. Ra7+ Kh6 54. f5 gxf5 55. Kxf5 Rg7 56. Ra6+ Kh5 57.
e6 h3 58. Ra8 Kh4 59. Kf4 Rg4+ 60. Kf5 Rg5+ 61. Kf6 h2 62. e7 h1=Q 63. Rh8+ Rh5 64. Rxh5+ Kxh5 65. e8=Q+ Kg4 66. Qe6+ Kg3 67. Qe5+ Kg2 1/2-1/2

[Event "US Open 2021"]
[Site "Crowne Plaza Cherry Hill, United States"]
[Date "2021.08.01"]
[Round "2.16"]
[White "Vidyarthi, Omya"]
[Black "Chen, Ryo"]
[Result "0-1"]
[TimeControl "40/100;SD/30;+30"]
[WhiteElo "2011"]
[BlackElo "2304"]

1. d4 Nf6 2. Bg5 d5 3. Bxf6 exf6 4. e3 Bd6 5. c4 dxc4 6.
Bxc4 O-O 7. Nf3 Nd7 8. Qc2 c6 9.
Nbd2 g6 10. a3 Nb6 11. Bb3 Re8 12. h4 Bf5 13.
Qc3 h5 14. O-O Bc7 15. Rfe1 Be6 16. e4 Qd7 {[%emt 00:07: